NYP
STATEN ISLAND YANKEES @ ABERDEEN IRONBIRDS
07/14/2048
 
TOP OF THE 1ST
Staten Island Yankees batting - Pitching for Aberdeen Ironbirds : RHP Fabiano Ceriani
Pitching: RHP Fabiano Ceriani
Batting: RHB Norimoto Miyanishi 0-0: Foul Ball, location: 2F
0-1: Ball
1-1: Swinging Strike
1-2: Ball
2-2: Ball
3-2: Ground out U3 (Groundball, 34, EV 82.5 MPH)
Batting: LHB Dario Segura 0-0: Ball
1-0: Ball
2-0: Ball
3-0: Called Strike
3-1: Called Strike
3-2: Base on Balls
Batting: RHB Pat Pemberton 0-0: DOUBLE (Flyball, 89D, EV 110.0 MPH)
Dario Segura to third
Batting: SHB Tadaaki Kondo 0-0: Called Strike
0-1: Foul Ball, location: 2F
0-2: 3-RUN HOME RUN (Flyball, 9D, EV 100.0 MPH), Distance : 379 ft
Batting: LHB Mike Schermerhorn 0-0: Called Strike
0-1: Ball
1-1: Ball
2-1: SINGLE (Line Drive, 89S, EV 114.4 MPH)
Batting: RHB Brad Wren 0-0: Ball
1-0: Ball
2-0: Called Strike
Mike Schermerhorn steals 2nd base
2-1: Ground out 4-3 (Groundball, 4, EV 83.8 MPH)
Mike Schermerhorn to third
Batting: RHB Edite Leoni 0-0: Reached on error, E3 (Groundball, 34S, EV 85.6 MPH)
Mike Schermerhorn scores
Batting: LHB Danny de Leon 0-0: Ball
1-0: Foul Ball, location: 2F
1-1: Foul Ball, location: 2F
1-2: Ball
2-2: Strikes out swinging
Top of the 1st over - 4 runs, 3 hits, 1 error, 1 left on base; Staten Island 4 - Aberdeen 0
BOTTOM OF THE 1ST
Aberdeen Ironbirds batting - Pitching for Staten Island Yankees : RHP Andrew Ray
Pitching: RHP Andrew Ray
Batting: LHB Vinny Rivera 0-0: Ball
1-0: Swinging Strike
1-1: Ball
2-1: Ball
3-1: Called Strike
3-2: Foul Ball, location: 2F
3-2: Strikes out swinging
Batting: RHB Maup Gommers 0-0: Called Strike
0-1: Ball
1-1: Fly out, F8 (Flyball, 8RD, EV 95.0 MPH)
Batting: LHB Pat Fontana 0-0: Called Strike
0-1: Fly out, F8 (Flyball, 8LD, EV 89.4 MPH)
Bottom of the 1st over - 0 runs, 0 hits, 0 errors, 0 left on base; Staten Island 4 - Aberdeen 0
TOP OF THE 2ND
Staten Island Yankees batting - Pitching for Aberdeen Ironbirds : RHP Fabiano Ceriani
Batting: RHB Jesus Ruiz 0-0: SINGLE (Groundball, 6MD, EV 101.9 MPH)
Batting: RHB Norimoto Miyanishi 0-0: Called Strike
0-1: Ball
1-1: SINGLE (Line Drive, 4D, EV 95.6 MPH)
Jesus Ruiz to second
Batting: LHB Dario Segura 0-0: Grounds into double play, 4-6-3 (Groundball, 4, EV 106.9 MPH)
Jesus Ruiz to third
Batting: RHB Pat Pemberton 0-0: Ball
1-0: Ball
2-0: Foul Ball, location: 2F
2-1: Ball
3-1: SINGLE (Groundball, 56D, EV 105.6 MPH)
Jesus Ruiz scores
Batting: SHB Tadaaki Kondo 0-0: Ball
1-0: Called Strike
1-1: Hit by Pitch
Pat Pemberton to second
Pitching: RHP Jason Turley
Batting: LHB Mike Schermerhorn 0-0: Ball
1-0: Called Strike
1-1: Swinging Strike
1-2: Ground out 4-3 (Groundball, 4, EV 91.2 MPH)
Top of the 2nd over - 1 run, 3 hits, 0 errors, 2 left on base; Staten Island 5 - Aberdeen 0
BOTTOM OF THE 2ND
Aberdeen Ironbirds batting - Pitching for Staten Island Yankees : RHP Andrew Ray
Batting: RHB Jonathan Mendoza 0-0: Fly out, F8 (Flyball, 8LD, EV 100.0 MPH)
Batting: LHB Sam Williams 0-0: Ball
1-0: Foul Ball, location: 2F
1-1: Ground out U3 (Groundball, 34, EV 86.9 MPH)
Batting: SHB Carlos Carrillo 0-0: Ball
1-0: Ball
2-0: Foul Ball, location: 2F
2-1: Called Strike
2-2: Ground out 5-3 (Groundball, 5D, EV 78.1 MPH)
Bottom of the 2nd over - 0 runs, 0 hits, 0 errors, 0 left on base; Staten Island 5 - Aberdeen 0
TOP OF THE 3RD
Staten Island Yankees batting - Pitching for Aberdeen Ironbirds : RHP Jason Turley
Batting: RHB Brad Wren 0-0: SOLO HOME RUN (Flyball, 9D, EV 94.4 MPH), Distance : 383 ft
Batting: RHB Edite Leoni 0-0: Called Strike
0-1: Swinging Strike
0-2: Foul Ball, location: 2F
0-2: Foul Ball, location: 2F
0-2: Ground out 6-3 (Groundball, 56, EV 103.1 MPH)
Batting: LHB Danny de Leon 0-0: Ball
1-0: SINGLE (Groundball, 4MD, EV 98.1 MPH)
Batting: RHB Jesus Ruiz 0-0: Ball
1-0: Foul Ball, location: 2F
1-1: Ball
2-1: Fly out, F8 (Flyball, 89D, EV 93.1 MPH)
Batting: RHB Norimoto Miyanishi 0-0: Called Strike
0-1: Ball
1-1: Foul Ball, location: 2F
1-2: Ground out U3 (Groundball, 3L, EV 78.8 MPH)
Top of the 3rd over - 1 run, 2 hits, 0 errors, 1 left on base; Staten Island 6 - Aberdeen 0
BOTTOM OF THE 3RD
Aberdeen Ironbirds batting - Pitching for Staten Island Yankees : RHP Andrew Ray
Batting: RHB Kevin Popowicz 0-0: Ground out 6-3 (Groundball, 6, EV 100.6 MPH)
Batting: RHB Chris McGuirk 0-0: Foul Ball, location: 2F
0-1: Swinging Strike
0-2: Strikes out looking
Batting: RHB Matt Berrier 0-0: Ball
1-0: Called Strike
1-1: Foul Ball, location: 2F
1-2: Ball
2-2: Fly out, F8 (Flyball, 8LD, EV 97.5 MPH)
Bottom of the 3rd over - 0 runs, 0 hits, 0 errors, 0 left on base; Staten Island 6 - Aberdeen 0
TOP OF THE 4TH
Staten Island Yankees batting - Pitching for Aberdeen Ironbirds : RHP Jason Turley
Batting: LHB Dario Segura 0-0: Foul Ball, location: 2F
0-1: Ball
1-1: Ball
2-1: SINGLE (Groundball, 34D, EV 96.2 MPH)
Batting: RHB Pat Pemberton 0-0: Ball
1-0: Ball
2-0: Ball
3-0: Called Strike
3-1: Foul Ball, location: 2F
3-2: Strikes out swinging
Batting: SHB Tadaaki Kondo 0-0: Called Strike
0-1: Ball
1-1: Ball
2-1: Ball
3-1: 2-RUN HOME RUN (Flyball, 78XD, EV 108.8 MPH), Distance : 440 ft
Pitching: RHP Rich Hensley
Batting: LHB Mike Schermerhorn 0-0: Ball
1-0: Foul Ball, location: 2F
1-1: Swinging Strike
1-2: Ball
2-2: Ball
3-2: Strikes out swinging
Batting: RHB Brad Wren 0-0: Foul Ball, location: 2F
0-1: Swinging Strike
0-2: Strikes out swinging, 2-3 out at first.
Top of the 4th over - 2 runs, 2 hits, 0 errors, 0 left on base; Staten Island 8 - Aberdeen 0
BOTTOM OF THE 4TH
Aberdeen Ironbirds batting - Pitching for Staten Island Yankees : RHP Andrew Ray
Batting: LHB Vinny Rivera 0-0: Ball
1-0: Swinging Strike
1-1: Called Strike
1-2: Strikes out swinging
Batting: RHB Maup Gommers 0-0: Ground out 5-3 (Groundball, 25, EV 81.2 MPH)
Batting: LHB Pat Fontana 0-0: Ball
1-0: Swinging Strike
1-1: Ball
2-1: Foul Ball, location: 2F
2-2: Foul Ball, location: 2F
2-2: Ball
3-2: Strikes out swinging
Bottom of the 4th over - 0 runs, 0 hits, 0 errors, 0 left on base; Staten Island 8 - Aberdeen 0
TOP OF THE 5TH
Staten Island Yankees batting - Pitching for Aberdeen Ironbirds : RHP Rich Hensley
Batting: RHB Edite Leoni 0-0: SINGLE (Groundball, 6MD, EV 96.2 MPH)
Batting: LHB Danny de Leon 0-0: Ball
1-0: Called Strike
1-1: Foul Ball, location: 2F
1-2: Strikes out swinging
Batting: RHB Jesus Ruiz 0-0: Ball
Balk!
Edite Leoni to second
1-0: Ball
2-0: Foul Ball, location: 2F
2-1: Ball
3-1: Base on Balls
Batting: RHB Norimoto Miyanishi 0-0: Called Strike
0-1: Swinging Strike
0-2: SINGLE (Groundball, 56D, EV 97.5 MPH)
Edite Leoni to third
Jesus Ruiz to second
Batting: LHB Dario Segura 0-0: Swinging Strike
0-1: Ball
1-1: Foul Ball, location: 2F
1-2: SINGLE (Groundball, 4S, EV 97.5 MPH)
Edite Leoni scores
Jesus Ruiz to third
Norimoto Miyanishi to second
Batting: RHB Pat Pemberton 0-0: Ball
1-0: Ball
2-0: Fielders Choice at 2nd, 6-4 (Groundball, 6, EV 90.6 MPH)
Jesus Ruiz scores
Norimoto Miyanishi to third
Batting: SHB Tadaaki Kondo 0-0: Called Strike
0-1: Ball
1-1: Ball
2-1: Ball
3-1: Foul Ball, location: 2F
3-2: Foul Ball, location: 2F
3-2: Foul Ball, location: 2F
3-2: Base on Balls
Pat Pemberton to second
Pitching: RHP Jose Santos
Batting: LHB Mike Schermerhorn 0-0: Called Strike
0-1: Foul Ball, location: 2F
0-2: Strikes out swinging
Top of the 5th over - 2 runs, 3 hits, 0 errors, 3 left on base; Staten Island 10 - Aberdeen 0
BOTTOM OF THE 5TH
Aberdeen Ironbirds batting - Pitching for Staten Island Yankees : RHP Andrew Ray
Batting: RHB Jonathan Mendoza 0-0: Foul Ball, location: 2F
0-1: Ball
1-1: Swinging Strike
1-2: Foul Ball, location: 2F
1-2: Strikes out swinging
Batting: LHB Sam Williams 0-0: Ball
1-0: Called Strike
1-1: Ball
2-1: Swinging Strike
2-2: Strikes out swinging
Batting: SHB Carlos Carrillo 0-0: SINGLE (Groundball, 13S, EV 70.6 MPH) (infield hit)
Batting: RHB Kevin Popowicz 0-0: Fielders Choice at 2nd, 6-4 (Groundball, 6, EV 80.6 MPH)
Bottom of the 5th over - 0 runs, 1 hit, 0 errors, 1 left on base; Staten Island 10 - Aberdeen 0
TOP OF THE 6TH
Staten Island Yankees batting - Pitching for Aberdeen Ironbirds : RHP Jose Santos
Batting: RHB Brad Wren 0-0: Ball
1-0: Swinging Strike
1-1: Ball
2-1: Foul Ball, location: 2F
2-2: Foul Ball, location: 2F
2-2: SINGLE (Groundball, 4S, EV 98.8 MPH)
Batting: RHB Edite Leoni 0-0: Ball
1-0: Foul Ball, location: 2F
1-1: Ball
2-1: Ball
3-1: Foul Ball, location: 2F
3-2: Foul Ball, location: 2F
3-2: Fly out, F8 (Flyball, 8LD, EV 89.4 MPH)
Batting: LHB Danny de Leon 0-0: Swinging Strike
0-1: Foul Ball, location: 2F
0-2: Fielders Choice at 2nd, 3-6 (Groundball, 34, EV 88.1 MPH)
Batting: RHB Jesus Ruiz 0-0: Fielders Choice at 2nd, 5-4 (Groundball, 56, EV 86.2 MPH)
Top of the 6th over - 0 runs, 1 hit, 0 errors, 1 left on base; Staten Island 10 - Aberdeen 0
BOTTOM OF THE 6TH
Aberdeen Ironbirds batting - Pitching for Staten Island Yankees : RHP Andrew Ray
Batting: RHB Chris McGuirk 0-0: Ball
1-0: Foul Ball, location: 2F
1-1: Foul Ball, location: 2F
1-2: Ground out U3 (Groundball, 34, EV 102.5 MPH)
Batting: RHB Matt Berrier 0-0: Foul Ball, location: 2F
0-1: Ball
1-1: Ball
2-1: SINGLE (Groundball, 5S, EV 71.2 MPH) (infield hit)
Batting: LHB Vinny Rivera 0-0: Called Strike
0-1: Ball
1-1: Swinging Strike
1-2: Ball
2-2: Ball
3-2: Reached on error, E4 (Groundball, 4, EV 83.1 MPH)
Matt Berrier to second
Batting: RHB Maup Gommers 0-0: Ball
1-0: Foul Ball, location: 2F
1-1: Ball
2-1: Ball
Wild Pitch!
Matt Berrier to third
Vinny Rivera to second
3-1: Base on Balls
Batting: LHB Pat Fontana 0-0: SINGLE (Flyball, 8RS, EV 93.1 MPH)
Matt Berrier scores
Vinny Rivera to third
Maup Gommers to second
Runner from 3rd tries for Home, SAFE, throw by CF to home
Batting: RHB Jonathan Mendoza 0-0: Ball
1-0: Swinging Strike
1-1: Called Strike
1-2: Ball
2-2: DOUBLE (Flyball, 78D, EV 102.5 MPH)
Maup Gommers scores
Pat Fontana to third
Batting: LHB Sam Williams 0-0: Called Strike
0-1: Swinging Strike
0-2: Strikes out swinging
Batting: SHB Carlos Carrillo 0-0: Foul Ball, location: 2F
0-1: Ground out 1-3 (Groundball, 13S, EV 64.4 MPH)
Bottom of the 6th over - 3 runs, 3 hits, 1 error, 2 left on base; Staten Island 10 - Aberdeen 3
TOP OF THE 7TH
Staten Island Yankees batting - Pitching for Aberdeen Ironbirds : RHP Jose Santos
Batting: RHB Norimoto Miyanishi 0-0: Swinging Strike
0-1: Swinging Strike
0-2: Fly out, F8 (Flyball, 8RD, EV 107.5 MPH)
Batting: LHB Dario Segura 0-0: Ball
1-0: Ball
2-0: Called Strike
2-1: Foul Ball, location: 2F
2-2: Ball
3-2: Foul Ball, location: 2F
3-2: Foul Ball, location: 2F
3-2: Strikes out swinging
Pinch Hitting: RHB Matt Thompson 0-0: Called Strike
0-1: Foul Ball, location: 2F
0-2: Strikes out looking
Top of the 7th over - 0 runs, 0 hits, 0 errors, 0 left on base; Staten Island 10 - Aberdeen 3
BOTTOM OF THE 7TH
Aberdeen Ironbirds batting - Pitching for Staten Island Yankees : RHP Andrew Ray
Now at 2B: Matt Thompson
Pinch Hitting: RHB Jason Burke 0-0: Called Strike
0-1: SINGLE (Groundball, 56D, EV 98.8 MPH)
Batting: RHB Chris McGuirk 0-0: Called Strike
0-1: Ball
Jason Burke steals 2nd base (no throw)
1-1: Reached on error, E4 (Groundball, 4M, EV 86.9 MPH)
Jason Burke to third
Batting: RHB Matt Berrier 0-0: Ball
1-0: Ball
Chris McGuirk steals 2nd base (no throw)
2-0: Ball
3-0: Called Strike
3-1: SINGLE (Groundball, 56D, EV 106.9 MPH)
Jason Burke scores
Chris McGuirk to third
Batting: LHB Vinny Rivera 0-0: Called Strike
0-1: Ball
1-1: TRIPLE (Flyball, 89XD, EV 102.5 MPH)
Chris McGuirk scores
Matt Berrier scores
Pitching: LHP Loo Lei
Batting: RHB Maup Gommers 0-0: Called Strike
0-1: Ball
1-1: Fly out, F3 (Popup, 3S, EV 83.8 MPH)
Pinch Hitting: SHB Chris Wright 0-0: Foul Ball, location: 2F
0-1: Foul Ball, location: 2F
0-2: Reached on error, E5 (Groundball, 56S, EV 82.5 MPH)
Vinny Rivera scores
Batting: RHB Jonathan Mendoza 0-0: Fly out, F7 (Flyball, 7D, EV 90.0 MPH)
Batting: LHB Sam Williams 0-0: Called Strike
0-1: Swinging Strike
0-2: Strikes out swinging
Bottom of the 7th over - 4 runs, 3 hits, 2 errors, 1 left on base; Staten Island 10 - Aberdeen 7
TOP OF THE 8TH
Staten Island Yankees batting - Pitching for Aberdeen Ironbirds : RHP Jose Santos
Now at 2B: Chris Wright
Now in LF: Alfredo Reguera
Batting: SHB Tadaaki Kondo 0-0: Ball
1-0: Ball
2-0: Ball
3-0: Base on Balls
Pitching: LHP Kyohei Koyama
Batting: LHB Mike Schermerhorn 0-0: Called Strike
0-1: Ball
1-1: Foul Ball, location: 2F
1-2: Ball
2-2: SINGLE (Groundball, 4MD, EV 100.6 MPH) (infield hit)
Tadaaki Kondo to second
Batting: RHB Brad Wren 0-0: Bunt missed!
0-1: Sac Bunt to 3S - play at first, batter OUT! 3-4
Tadaaki Kondo to third
Mike Schermerhorn to second
Batting: RHB Edite Leoni 0-0: Intentional Walk
Batting: LHB Danny de Leon 0-0: Fly out, F7 (Flyball, 78M, EV 86.9 MPH)
Batting: RHB Jesus Ruiz 0-0: Ball
1-0: Called Strike
1-1: Ball
2-1: Foul Ball, location: 2F
2-2: SINGLE (Groundball, 56D, EV 95.6 MPH)
Tadaaki Kondo scores
Mike Schermerhorn to third
Edite Leoni to second
Runner from 3rd tries for Home, throw by LF and OUT! 7-2
Top of the 8th over - 1 run, 2 hits, 0 errors, 2 left on base; Staten Island 11 - Aberdeen 7
BOTTOM OF THE 8TH
Aberdeen Ironbirds batting - Pitching for Staten Island Yankees : LHP Loo Lei
Batting: SHB Carlos Carrillo 0-0: Ball
1-0: Ball
2-0: Called Strike
2-1: Ball
3-1: Base on Balls
Batting: RHB Alfredo Reguera 0-0: Grounds into double play, 3-6-1 (Groundball, 34, EV 101.2 MPH)
Batting: RHB Chris McGuirk 0-0: Ball
1-0: Ball
2-0: Foul Ball, location: 2F
2-1: Fly out, F8 (Flyball, 8RS, EV 91.2 MPH)
Bottom of the 8th over - 0 runs, 0 hits, 0 errors, 0 left on base; Staten Island 11 - Aberdeen 7
TOP OF THE 9TH
Staten Island Yankees batting - Pitching for Aberdeen Ironbirds : LHP Kyohei Koyama
Pitching: LHP Ronnie Pickering
Batting: RHB Norimoto Miyanishi 0-0: Swinging Strike
0-1: Foul Ball, location: 2F
0-2: Ball
1-2: Strikes out looking
Batting: LHB Dario Segura 0-0: Swinging Strike
0-1: Fly out, F9 (Line Drive, 9, EV 98.1 MPH)
Batting: RHB Matt Thompson 0-0: Swinging Strike
0-1: Ball
1-1: Foul Ball, location: 2F
1-2: Strikes out swinging
Top of the 9th over - 0 runs, 0 hits, 0 errors, 0 left on base; Staten Island 11 - Aberdeen 7
BOTTOM OF THE 9TH
Aberdeen Ironbirds batting - Pitching for Staten Island Yankees : LHP Loo Lei
Batting: RHB Matt Berrier 0-0: Ball
1-0: Ball
2-0: Called Strike
2-1: Called Strike
2-2: SINGLE (Groundball, 6MS, EV 61.9 MPH) (infield hit)
Batting: LHB Vinny Rivera 0-0: Foul Ball, location: 2F
0-1: Ball
1-1: Ball
2-1: Ball
3-1: Fly out, F3 (Popup, 23, EV 87.5 MPH)
Pitching: RHP Jake Bryant
Batting: RHB Maup Gommers 0-0: SINGLE (Line Drive, 8RS, EV 105.0 MPH)
Matt Berrier to second
Matt Berrier to third
Batting: SHB Chris Wright 0-0: Ball
1-0: Called Strike
1-1: SINGLE (Flyball, 9S, EV 88.1 MPH)
Matt Berrier scores
Maup Gommers to second
Batting: RHB Jonathan Mendoza 0-0: Called Strike
0-1: SINGLE (Groundball, 34D, EV 99.4 MPH)
Maup Gommers to third
Chris Wright to second
Batting: LHB Sam Williams 0-0: Foul Ball, location: 2F
0-1: Ball
1-1: Hit by Pitch
Maup Gommers scores
Chris Wright to third
Jonathan Mendoza to second
Batting: SHB Carlos Carrillo 0-0: Ball
1-0: Ball
2-0: GRAND SLAM HOME RUN (Line Drive, 89XD, EV 115.6 MPH), Distance : 449 ft
Bottom of the 9th over - 6 runs, 5 hits, 0 errors, 0 left on base; Staten Island 11 - Aberdeen 13
Tuesday, March 28th , 2023 - OOTP Baseball 23.10 Build 110